General information
- name: BNet
- type: Ladder team game (AT/RT)
- host: Battle.net
- saver: DENYMYRIGHTS
map: Deadlands
- players: 8
- length: 52:45
- speed: Fast
- version: 1.26 W3XP
- replay type: Public
» download(320 KB)
Players
team 1 (loser)

»
Lycheehunter (
teal | 46 APM | 1431 actions | 31:26)
3 Blademaster
1 Critical Strike
2 Wind Walk
3 Shadow Hunter
2 Hex
1 Healing Wave
» actions
| Assign group hotkey | 12 | |
| Basic commands | 62 | |
| Build / train | 55 | |
| Enter build submenu | 25 | |
| Enter hero's abilities submenu | 6 | |
| Remove unit from queue | 7 | |
| Right click | 754 | |
| Select / deselect | 417 | |
| Select group hotkey | 31 | |
| Use ability | 62 | |
1431 total
» units
| Peon | 16 | |
| Wind Rider | 12 | |
| Troll Batrider | 2 | |
| Siege Engine | 3 | |
| Knight | 1 | |
| Mortar Team | 1 | |
35 total
» upgrades
| Ranged Weapons | 2 | |
| Armor | 1 | |
| Reinforced Defenses | 1 | |
| Gunpowder | 1 | |
| Plating | 1 | |
6 total
» buildings
| Altar of Storms | 2 | |
| Orc Burrow | 11 | |
| Stronghold | 1 | |
| Voodoo Lounge | 1 | |
| War Mill | 1 | |
| Beastiary | 2 | |
| Watch Tower | 7 | |
| Great Hall | 2 | |
| Fortress | 1 | |
28 total
» build order
00:37 Altar of Storms
00:38 Orc Burrow
00:40 Altar of Storms
01:52 Stronghold
02:18 Voodoo Lounge
02:23 Orc Burrow
02:28 Orc Burrow
02:34 War Mill
04:04 Orc Burrow
04:25 Beastiary
04:30 Beastiary
05:46 Orc Burrow
06:52 Watch Tower
06:54 Watch Tower
09:09 Orc Burrow
09:39 Watch Tower
09:45 Watch Tower
10:25 Great Hall
10:28 Watch Tower
11:23 Watch Tower
11:25 Watch Tower
13:32 Great Hall
17:15 Orc Burrow
17:21 Orc Burrow
17:24 Fortress
17:32 Orc Burrow
17:33 Orc Burrow
17:34 Orc Burrow
» items
DogsRap3ThePope (
yellow | 58 APM | 3057 actions | 52:45)
10 Archmage
3 Summon Water Elemental
3 Brilliance Aura
1 Mass Teleport
3 Blizzard
3 Shadow Hunter
2 Healing Wave
1 Hex
» actions
| Assign group hotkey | 28 | |
| Basic commands | 120 | |
| Build / train | 130 | |
| Enter build submenu | 63 | |
| Enter hero's abilities submenu | 15 | |
| Give item / drop item | 4 | |
| Remove unit from queue | 1 | |
| Right click | 1113 | |
| Select / deselect | 690 | |
| Select group hotkey | 468 | |
| Use ability | 425 | |
3057 total
» units
| Peasant | 17 | |
| Footman | 4 | |
| Goblin Shredder | 1 | |
| Gryphon Rider | 14 | |
| Goblin Sapper | 2 | |
| Siege Engine | 4 | |
42 total
» upgrades
| Masonry | 3 | |
| Lumber Harvesting | 1 | |
| Storm Hammers | 1 | |
| Swords | 3 | |
| Armor | 3 | |
| Animal War Training | 1 | |
| Cloud | 1 | |
| Gunpowder | 3 | |
| Plating | 3 | |
| Barrage | 1 | |
20 total
» buildings
| Altar of Kings | 1 | |
| Barracks | 1 | |
| Farm | 5 | |
| Scout Tower | 45 | |
| Arcane Tower | 2 | |
| Lumber Mill | 3 | |
| Keep | 1 | |
| Arcane Vault | 3 | |
| Town Hall | 3 | |
| Guard Tower | 16 | |
| Castle | 1 | |
| Gryphon Aviary | 5 | |
| Blacksmith | 2 | |
| Workshop | 7 | |
95 total
» build order
00:40 Altar of Kings
00:41 Barracks
00:54 Farm
00:55 Farm
01:09 Farm
01:37 Farm
01:54 Scout Tower
03:17 Arcane Tower
03:43 Lumber Mill
04:24 Keep
04:39 Arcane Vault
04:45 Town Hall
04:49 Scout Tower
04:49 Scout Tower
04:50 Scout Tower
04:56 Scout Tower
05:19 Guard Tower
05:22 Guard Tower
06:19 Guard Tower
06:24 Scout Tower
06:25 Scout Tower
06:27 Scout Tower
06:29 Scout Tower
06:32 Scout Tower
07:30 Guard Tower
07:34 Castle
08:59 Gryphon Aviary
09:00 Gryphon Aviary
09:00 Gryphon Aviary
10:14 Gryphon Aviary
10:23 Arcane Vault
10:51 Gryphon Aviary
10:55 Blacksmith
10:56 Blacksmith
11:01 Farm
11:08 Lumber Mill
19:04 Workshop
19:05 Workshop
19:05 Workshop
19:06 Workshop
19:06 Workshop
19:08 Workshop
19:08 Workshop
19:40 Scout Tower
19:40 Scout Tower
19:41 Scout Tower
19:41 Scout Tower
19:41 Scout Tower
19:48 Scout Tower
19:49 Scout Tower
19:49 Scout Tower
19:50 Scout Tower
19:51 Scout Tower
19:52 Scout Tower
20:41 Guard Tower
21:19 Guard Tower
23:44 Guard Tower
23:52 Lumber Mill
28:52 Scout Tower
28:53 Scout Tower
28:54 Scout Tower
28:54 Scout Tower
28:56 Scout Tower
28:58 Scout Tower
28:59 Scout Tower
29:00 Scout Tower
29:00 Scout Tower
29:01 Scout Tower
29:01 Scout Tower
29:02 Scout Tower
29:02 Scout Tower
29:03 Scout Tower
29:14 Scout Tower
29:15 Scout Tower
29:15 Scout Tower
29:16 Scout Tower
29:17 Scout Tower
29:17 Scout Tower
29:31 Guard Tower
29:32 Guard Tower
29:32 Guard Tower
29:34 Guard Tower
29:35 Guard Tower
29:41 Town Hall
29:50 Scout Tower
29:50 Scout Tower
29:53 Guard Tower
29:56 Arcane Vault
30:54 Arcane Tower
36:53 Guard Tower
47:06 Town Hall
» items
| Mechanical Critter | 9 | |
| Boots of Speed | 2 | |
| Periapt of Vitality | 2 | |
| Potion of Lesser Invulnerability | 2 | |
| Potion of Healing | 6 | |
| Scroll of Town Portal | 3 | |
| Scroll of Regeneration | 5 | |
| Staff of Sanctuary | 1 | |
| Staff of Teleportation | 1 | |
| Potion of Invisibility | 1 | |
| Potion of Mana | 1 | |
33 total
DENYMYRIGHTS. (
green | 53 APM | 974 actions | 18:19)
4 Blood Mage
2 Flame Strike
2 Banish
» actions
| Assign group hotkey | 17 | |
| Basic commands | 2 | |
| Build / train | 81 | |
| Enter build submenu | 20 | |
| Enter hero's abilities submenu | 4 | |
| Give item / drop item | 6 | |
| Right click | 380 | |
| Select / deselect | 135 | |
| Select group hotkey | 258 | |
| Use ability | 71 | |
974 total
» units
| Peasant | 10 | |
| Sorceress | 3 | |
| Flying Machine | 25 | |
38 total
» upgrades
| Masonry | 3 | |
| Lumber Harvesting | 1 | |
| Sorceress Training | 2 | |
| Flying Machine Bombs | 1 | |
| Flak Cannons | 1 | |
| Gunpowder | 2 | |
| Plating | 2 | |
12 total
» buildings
| Altar of Kings | 1 | |
| Farm | 14 | |
| Scout Tower | 6 | |
| Lumber Mill | 1 | |
| Arcane Tower | 1 | |
| Arcane Vault | 1 | |
| Guard Tower | 5 | |
| Keep | 1 | |
| Castle | 2 | |
| Arcane Sanctum | 1 | |
| Blacksmith | 1 | |
| Workshop | 2 | |
36 total
» build order
00:19 Altar of Kings
00:23 Farm
00:52 Scout Tower
01:06 Lumber Mill
01:20 Arcane Tower
01:34 Farm
01:50 Scout Tower
01:56 Scout Tower
02:09 Arcane Vault
02:16 Guard Tower
03:39 Keep
03:48 Guard Tower
04:50 Scout Tower
04:57 Scout Tower
04:58 Scout Tower
05:20 Farm
05:21 Farm
05:22 Farm
06:23 Castle
06:23 Castle
07:32 Arcane Sanctum
07:36 Guard Tower
07:40 Farm
09:28 Blacksmith
10:18 Farm
10:49 Workshop
12:01 Workshop
17:08 Farm
17:08 Farm
17:08 Farm
17:10 Farm
17:10 Farm
17:11 Farm
» items
| Scroll of Regeneration | 3 | |
| Lesser Clarity Potion | 2 | |
| Potion of Mana | 4 | |
| Ivory Tower | 1 | |
| Potion of Invisibility | 1 | |
| Staff of Teleportation | 1 | |
| Potion of Lesser Invulnerability | 1 | |
| Potion of Healing | 1 | |
| Scroll of Town Portal | 1 | |
15 total

»
GuiltyMe (
blue | 64 APM | 1292 actions | 20:14)
5 Mountain King
3 Storm Bolt
2 Bash
» actions
| Assign group hotkey | 6 | |
| Basic commands | 29 | |
| Build / train | 69 | |
| Enter build submenu | 16 | |
| Enter hero's abilities submenu | 5 | |
| Give item / drop item | 1 | |
| Remove unit from queue | 1 | |
| Right click | 824 | |
| Select / deselect | 269 | |
| Select group hotkey | 27 | |
| Use ability | 45 | |
1292 total
» units
| Peasant | 14 | |
| Footman | 5 | |
| Rifleman | 2 | |
| Flying Machine | 21 | |
| Siege Engine | 3 | |
45 total
» upgrades
| Lumber Harvesting | 2 | |
| Flak Cannons | 1 | |
| Flying Machine Bombs | 1 | |
| Gunpowder | 2 | |
| Plating | 2 | |
| Barrage | 1 | |
9 total
» buildings
| Altar of Kings | 1 | |
| Barracks | 1 | |
| Farm | 7 | |
| Lumber Mill | 1 | |
| Blacksmith | 1 | |
| Arcane Vault | 1 | |
| Keep | 1 | |
| Workshop | 3 | |
| Castle | 1 | |
17 total
» build order
00:44 Altar of Kings
01:00 Barracks
01:13 Farm
01:23 Farm
01:51 Lumber Mill
02:01 Blacksmith
03:02 Arcane Vault
03:24 Farm
03:48 Keep
06:28 Workshop
06:31 Workshop
06:35 Farm
07:37 Castle
07:44 Workshop
13:10 Farm
13:11 Farm
16:31 Farm
» items
| Scroll of Regeneration | 2 | |
| Scroll of Healing | 1 | |
| Lesser Clarity Potion | 1 | |
| Orb of Fire | 1 | |
| Scroll of Town Portal | 1 | |
6 total
team 2 (winner)
RANDOMNUMBER (
red | 44 APM | 2209 actions | 49:58)
5 Far Seer
3 Feral Spirit
2 Chain Lighting
3 Shadow Hunter
2 Healing Wave
1 Hex
3 Naga Sea Witch
1 Forked Lightning
2 Frost Arrows
» actions
| Assign group hotkey | 87 | |
| Basic commands | 92 | |
| Build / train | 86 | |
| ESC pressed | 6 | |
| Enter build submenu | 33 | |
| Enter hero's abilities submenu | 11 | |
| Right click | 849 | |
| Select / deselect | 565 | |
| Select group hotkey | 305 | |
| Use ability | 175 | |
2209 total
» units
| Peon | 29 | |
| Grunt | 5 | |
| Troll Witch Doctor | 4 | |
| Tauren | 14 | |
52 total
» upgrades
| Berserker Strength | 1 | |
| Melee Weapons | 1 | |
| Armor | 1 | |
| Witch Doctor Training | 2 | |
| Pillage | 1 | |
| Pulverize | 1 | |
| Berserker Upgrade | 1 | |
8 total
» buildings
| Altar of Storms | 2 | |
| Orc Burrow | 20 | |
| Barracks | 3 | |
| Voodoo Lounge | 1 | |
| Stronghold | 1 | |
| War Mill | 2 | |
| Fortress | 1 | |
| Spirit Lodge | 1 | |
| Tauren Totem | 2 | |
| Great Hall | 5 | |
| Beastiary | 1 | |
39 total
» build order
00:10 Altar of Storms
00:13 Orc Burrow
00:24 Barracks
01:52 Orc Burrow
02:13 Voodoo Lounge
03:15 Stronghold
04:09 Orc Burrow
04:38 War Mill
06:09 Fortress
06:33 Spirit Lodge
07:30 Orc Burrow
08:34 Tauren Totem
08:37 Tauren Totem
09:46 Orc Burrow
10:26 Orc Burrow
12:44 Great Hall
15:47 Beastiary
16:59 Orc Burrow
17:00 Orc Burrow
18:31 Orc Burrow
18:32 Orc Burrow
20:12 Great Hall
20:32 Orc Burrow
20:35 Orc Burrow
23:58 Orc Burrow
24:00 Orc Burrow
26:40 Great Hall
31:06 Altar of Storms
32:07 Orc Burrow
33:08 Orc Burrow
33:56 Great Hall
34:08 War Mill
35:10 Barracks
35:41 Barracks
36:54 Orc Burrow
37:59 Orc Burrow
38:00 Orc Burrow
38:01 Orc Burrow
41:26 Great Hall
» items
| Scroll of Speed | 1 | |
| Scroll of Town Portal | 1 | |
2 total
iamnoobkillme (
purple | 78 APM | 4139 actions | 52:45)
6 Archmage
1 Summon Water Elemental
2 Brilliance Aura
2 Blizzard
1 Mass Teleport
4 Paladin
2 Holy Light
1 Divine Shield
1 Devotion Aura
» actions
| Assign group hotkey | 24 | |
| Basic commands | 28 | |
| Build / train | 108 | |
| ESC pressed | 2 | |
| Enter build submenu | 34 | |
| Enter hero's abilities submenu | 10 | |
| Give item / drop item | 7 | |
| Right click | 1978 | |
| Select / deselect | 523 | |
| Select group hotkey | 1266 | |
| Use ability | 159 | |
4139 total
» units
| Peasant | 20 | |
| Footman | 6 | |
| Goblin Zeppelin | 1 | |
| Goblin Shredder | 1 | |
| Flying Machine | 14 | |
| Siege Engine | 4 | |
| Mortar Team | 2 | |
48 total
» upgrades
| Defend | 1 | |
| Masonry | 3 | |
| Lumber Harvesting | 2 | |
| Gunpowder | 3 | |
| Plating | 3 | |
| Flak Cannons | 1 | |
| Barrage | 1 | |
| Fragmentation Shards | 1 | |
| Flare | 1 | |
| Animal War Training | 1 | |
17 total
» buildings
| Altar of Kings | 1 | |
| Farm | 12 | |
| Barracks | 3 | |
| Lumber Mill | 2 | |
| Arcane Vault | 2 | |
| Scout Tower | 10 | |
| Guard Tower | 7 | |
| Town Hall | 5 | |
| Arcane Tower | 4 | |
| Keep | 1 | |
| Blacksmith | 1 | |
| Castle | 1 | |
| Workshop | 3 | |
| Cannon Tower | 2 | |
54 total
» build order
00:15 Altar of Kings
00:21 Farm
00:30 Barracks
01:00 Farm
01:58 Lumber Mill
02:07 Farm
02:45 Farm
03:34 Farm
04:35 Arcane Vault
05:14 Scout Tower
05:15 Scout Tower
05:16 Scout Tower
05:35 Guard Tower
05:40 Town Hall
05:42 Guard Tower
05:43 Arcane Tower
07:27 Keep
07:33 Arcane Vault
07:37 Scout Tower
07:40 Scout Tower
07:43 Scout Tower
07:50 Scout Tower
07:52 Scout Tower
08:11 Blacksmith
08:13 Arcane Tower
08:14 Guard Tower
08:23 Arcane Tower
08:24 Guard Tower
08:29 Barracks
08:39 Farm
08:40 Farm
08:41 Farm
08:47 Guard Tower
08:51 Farm
08:51 Farm
08:53 Farm
09:46 Lumber Mill
09:49 Castle
10:33 Workshop
10:38 Workshop
11:23 Workshop
11:33 Scout Tower
11:35 Scout Tower
12:16 Guard Tower
12:37 Cannon Tower
15:06 Cannon Tower
19:38 Arcane Tower
19:39 Guard Tower
24:31 Barracks
24:40 Farm
27:32 Town Hall
35:05 Town Hall
38:04 Town Hall
42:08 Town Hall
» items
| Scroll of Regeneration | 3 | |
| Scroll of Town Portal | 4 | |
| Potion of Healing | 1 | |
| Lesser Clarity Potion | 3 | |
| Ivory Tower | 3 | |
| Staff of Sanctuary | 1 | |
| Staff of Preservation | 1 | |
16 total
DENYMYRIGHTS (
pink | 79 APM | 4170 actions | 52:45)
8 Archmage
3 Summon Water Elemental
3 Brilliance Aura
1 Blizzard
1 Mass Teleport
1 Paladin
1 Holy Light
» actions
| Assign group hotkey | 161 | |
| Basic commands | 285 | |
| Build / train | 211 | |
| ESC pressed | 11 | |
| Enter build submenu | 53 | |
| Enter hero's abilities submenu | 9 | |
| Give item / drop item | 16 | |
| Right click | 1232 | |
| Select / deselect | 478 | |
| Select group hotkey | 1156 | |
| Use ability | 558 | |
4170 total
» units
| Peasant | 17 | |
| Footman | 7 | |
| Goblin Shredder | 7 | |
| Gryphon Rider | 14 | |
| Goblin Sapper | 25 | |
| Dragonhawk Rider | 3 | |
73 total
» upgrades
| Masonry | 3 | |
| Swords | 3 | |
| Armor | 3 | |
| Storm Hammers | 1 | |
| Animal War Training | 1 | |
| Cloud | 1 | |
| Lumber Harvesting | 1 | |
13 total
» buildings
| Altar of Kings | 1 | |
| Barracks | 1 | |
| Farm | 9 | |
| Lumber Mill | 1 | |
| Town Hall | 3 | |
| Arcane Vault | 1 | |
| Keep | 2 | |
| Blacksmith | 1 | |
| Scout Tower | 34 | |
| Castle | 2 | |
| Gryphon Aviary | 5 | |
| Guard Tower | 57 | |
117 total
» build order
00:50 Altar of Kings
00:52 Barracks
00:58 Farm
01:05 Farm
01:42 Farm
01:59 Lumber Mill
02:24 Farm
03:13 Farm
04:13 Town Hall
05:18 Arcane Vault
05:40 Keep
06:49 Blacksmith
07:20 Scout Tower
07:21 Scout Tower
07:23 Scout Tower
07:26 Scout Tower
08:01 Castle
08:14 Gryphon Aviary
08:15 Gryphon Aviary
09:22 Farm
10:24 Gryphon Aviary
10:26 Gryphon Aviary
10:29 Gryphon Aviary
10:32 Farm
10:53 Scout Tower
10:55 Scout Tower
10:56 Scout Tower
11:12 Scout Tower
11:16 Scout Tower
11:18 Scout Tower
11:21 Scout Tower
11:25 Guard Tower
11:26 Guard Tower
11:28 Scout Tower
11:30 Scout Tower
11:40 Guard Tower
11:41 Guard Tower
11:42 Guard Tower
11:42 Guard Tower
11:43 Guard Tower
11:57 Guard Tower
12:18 Guard Tower
12:18 Guard Tower
12:18 Guard Tower
12:29 Scout Tower
12:36 Scout Tower
12:36 Scout Tower
12:37 Scout Tower
12:38 Scout Tower
12:42 Scout Tower
12:45 Scout Tower
12:59 Guard Tower
12:59 Guard Tower
13:10 Guard Tower
13:10 Guard Tower
13:10 Guard Tower
13:13 Guard Tower
13:13 Guard Tower
13:18 Guard Tower
13:18 Guard Tower
13:18 Guard Tower
13:19 Guard Tower
13:19 Guard Tower
13:20 Guard Tower
13:20 Guard Tower
14:41 Farm
14:44 Farm
20:59 Town Hall
21:03 Scout Tower
21:04 Scout Tower
21:05 Scout Tower
21:06 Scout Tower
21:07 Scout Tower
21:13 Town Hall
21:18 Scout Tower
21:34 Guard Tower
21:35 Guard Tower
21:35 Guard Tower
21:35 Guard Tower
21:35 Guard Tower
21:36 Guard Tower
21:36 Guard Tower
21:37 Guard Tower
21:38 Guard Tower
21:38 Guard Tower
21:38 Guard Tower
21:40 Scout Tower
21:41 Scout Tower
21:41 Scout Tower
21:43 Scout Tower
21:44 Scout Tower
22:28 Guard Tower
24:34 Scout Tower
24:35 Scout Tower
24:38 Scout Tower
28:52 Guard Tower
28:53 Guard Tower
» items
| Scroll of Regeneration | 10 | |
| Mechanical Critter | 12 | |
| Periapt of Vitality | 1 | |
| Staff of Teleportation | 1 | |
| Boots of Speed | 1 | |
| Potion of Healing | 2 | |
| Scroll of Town Portal | 1 | |
| Tome of Retraining | 1 | |
| Lesser Clarity Potion | 2 | |
| Potion of Mana | 2 | |
33 total

»
faast (
orange | 29 APM | 1538 actions | 52:45)
5 Demon Hunter
2 Immolation
2 Mana Burn
1 Evasion
5 Priestess of the Moon
2 Scout
2 Searing Arrows
1 Trueshot Aura
» actions
| Basic commands | 12 | |
| Build / train | 84 | |
| Enter build submenu | 30 | |
| Enter hero's abilities submenu | 10 | |
| Remove unit from queue | 1 | |
| Right click | 675 | |
| Select / deselect | 644 | |
| Use ability | 82 | |
1538 total
» units
| Wisp | 21 | |
| Archer | 5 | |
| Huntress | 4 | |
| Hippogryph | 15 | |
| Goblin Shredder | 1 | |
| Chimaera | 6 | |
52 total
» upgrades
| Strength of the Moon | 3 | |
| Moon Armor | 2 | |
| Strength of the Wild | 3 | |
| Reinforced Hides | 3 | |
| Corrosive Breath | 1 | |
| Nature's Blessing | 1 | |
13 total
» buildings
| Altar of Elders | 1 | |
| Moon Well | 11 | |
| Ancient of War | 1 | |
| Hunter's Hall | 1 | |
| Ancient Protector | 1 | |
| Tree of Ages | 1 | |
| Tree of Life | 6 | |
| Ancient of Wind | 1 | |
| Ancient of Wonders | 1 | |
| Tree of Eternity | 1 | |
| Chimaera Roost | 2 | |
27 total
» build order
00:08 Altar of Elders
00:10 Moon Well
00:30 Ancient of War
01:56 Moon Well
02:27 Hunter's Hall
03:20 Moon Well
03:52 Ancient Protector
04:46 Moon Well
06:15 Tree of Ages
06:55 Tree of Life
07:13 Moon Well
08:52 Ancient of Wind
08:59 Moon Well
09:07 Ancient of Wonders
11:33 Tree of Life
14:04 Tree of Eternity
16:30 Chimaera Roost
16:32 Chimaera Roost
17:52 Tree of Life
20:32 Moon Well
21:53 Tree of Life
23:16 Moon Well
24:21 Moon Well
24:28 Moon Well
27:48 Tree of Life
32:35 Tree of Life
35:00 Moon Well
» items
| Scroll of Town Portal | 3 | |
| Scroll of Healing | 1 | |
4 total
Chat log
(00:12 / All) DENYMYRIGHTS.: i miss northsure fock
(00:16 / Allies) RANDOMNUMBER: grunt doc tauren fs sh
(00:20 / All) DENYMYRIGHTS: I miss a new map pool
(00:26 / Allies) RANDOMNUMBER: same
(00:31 / Allies) RANDOMNUMBER: creep there side after greens?
(00:32 / All) DENYMYRIGHTS.: fuck this map creeps are a bitch
(00:36 / Allies) faast: aa chims
(00:43 / Allies) RANDOMNUMBER: do green creeps then all cross to here
(00:44 / All) DENYMYRIGHTS: you need to militia creep on it
(00:54 / Allies) RANDOMNUMBER: we creep theres asap
(00:57 / All) DENYMYRIGHTS.: fricking einstein up in here
(01:03 / Allies) RANDOMNUMBER: it works =D
(02:30 / Allies) RANDOMNUMBER: ill need help shortly
(03:02 / Allies) RANDOMNUMBER: plz come
(03:11 / Allies) RANDOMNUMBER: 1 at least
(03:21 / Allies) RANDOMNUMBER: purple?
(03:48 / Allies) RANDOMNUMBER: =(
(03:49 / Allies) RANDOMNUMBER: anyu1?
(03:54 / Allies) faast: ?
(04:00 / Allies) RANDOMNUMBER: help
(04:07 / Allies) faast: purple
(04:09 / Allies) faast: im far
(04:17 / Allies) RANDOMNUMBER: okie
(04:18 / Allies) RANDOMNUMBER: come asap
(04:22 / Allies) RANDOMNUMBER: i creep
(04:23 / Allies) RANDOMNUMBER: there side
(04:28 / Allies) RANDOMNUMBER: helps trust me
(04:48 / Allies) RANDOMNUMBER: next
(06:14 / Allies) RANDOMNUMBER: tauren soon
(07:40 / Allies) RANDOMNUMBER: may i join
(07:43 / Allies) RANDOMNUMBER: im high level
(07:49 / Allies) DENYMYRIGHTS: if you must
(08:20 / Allies) RANDOMNUMBER: pimpimg turen soon
(08:52 / Allies) DENYMYRIGHTS: want a mantle +3
(08:59 / Allies) RANDOMNUMBER: yes
(09:03 / Allies) RANDOMNUMBER: ty
(09:04 / Allies) DENYMYRIGHTS: np
(09:18 / Allies) RANDOMNUMBER: all rally?
(09:35 / Allies) RANDOMNUMBER: red creep
(09:37 / Allies) RANDOMNUMBER: come team
(10:01 / Allies) RANDOMNUMBER: taurne comen
(10:18 / Allies) RANDOMNUMBER: all meet
(11:09 / Allies) RANDOMNUMBER: =D
(12:35 / Allies) RANDOMNUMBER: 300 gold
(12:37 / Allies) RANDOMNUMBER: asap
(12:38 / Allies) RANDOMNUMBER: plz
(12:40 / Allies) RANDOMNUMBER: for expo
(12:45 / Allies) RANDOMNUMBER: ty
(15:02 / All) DENYMYRIGHTS.: oj mh
(15:02 / All) Lycheehunter: make it more obvious
(15:36 / Allies) RANDOMNUMBER: gold plz
(16:12 / Allies) RANDOMNUMBER: ?
(16:12 / All) DENYMYRIGHTS: yum, unupgraded burrows lol
(17:24 / Allies) RANDOMNUMBER: gold plz man
(17:25 / Allies) RANDOMNUMBER: pink
(17:28 / Allies) RANDOMNUMBER: u got 4k
(17:42 / Allies) RANDOMNUMBER: green raped me whole game
(18:19 / Allies) RANDOMNUMBER: gold plz =( pink
(18:56 / Allies) RANDOMNUMBER: coming
(19:23 / All) DogsRap3ThePope: You shall regret your actions swine
(19:44 / Allies) RANDOMNUMBER: i need wood
(19:49 / Allies) RANDOMNUMBER: ty
(19:50 / Allies) RANDOMNUMBER: purple
(19:52 / Allies) RANDOMNUMBER: wood plz
(20:03 / Allies) RANDOMNUMBER: 100 wood
(20:12 / Allies) RANDOMNUMBER: ty
(20:48 / Allies) RANDOMNUMBER: exo there
(20:49 / Allies) RANDOMNUMBER: expo
(20:55 / All) RANDOMNUMBER: Gg
(21:31 / Allies) RANDOMNUMBER: pink u got 8k gold xD
(21:34 / Allies) RANDOMNUMBER: spare 100? plz
(25:05 / Allies) RANDOMNUMBER: y
(25:06 / Allies) RANDOMNUMBER: y
(25:09 / Allies) RANDOMNUMBER: why ?
(25:31 / Allies) RANDOMNUMBER: why?
(25:36 / Allies) DENYMYRIGHTS: BECAUSE
(25:46 / Allies) DENYMYRIGHTS: I don't want you to get the higher score
(25:52 / Allies) DENYMYRIGHTS: your heroes are too good
(25:54 / Allies) RANDOMNUMBER: i had no chance xD
(25:55 / Allies) RANDOMNUMBER: lol
(25:59 / Allies) RANDOMNUMBER: did i?
(26:01 / Allies) DENYMYRIGHTS: Nothing personal
(26:05 / Allies) DENYMYRIGHTS: Your hero score was getting too high
(26:11 / Allies) RANDOMNUMBER: ok np
(26:11 / Allies) DENYMYRIGHTS: don't worry it's over anyway
(26:31 / Allies) RANDOMNUMBER: may i rebuild?
(26:34 / Allies) DENYMYRIGHTS: yeah
(26:38 / Allies) RANDOMNUMBER: thx
(26:42 / All) DogsRap3ThePope: orange is good
(26:43 / Allies) DENYMYRIGHTS: score should be low enough now
(27:20 / Allies) RANDOMNUMBER: yello still had big army
(27:23 / Allies) RANDOMNUMBER: has
(28:10 / Allies) RANDOMNUMBER: kill thatr critter
(28:12 / Allies) RANDOMNUMBER: hes tping to it
(28:52 / Allies) RANDOMNUMBER: nj
(29:00 / Allies) RANDOMNUMBER: yello base is main threat
(29:05 / Allies) RANDOMNUMBER: may need hawks for cloud
(29:12 / Allies) DENYMYRIGHTS: good idea
(29:22 / Allies) RANDOMNUMBER: 100 gold for works plz
(29:23 / Allies) DENYMYRIGHTS: I got towers they they don't have shit
(29:25 / Allies) RANDOMNUMBER: workers
(29:41 / Allies) RANDOMNUMBER: they may get smart with clouds
(29:49 / Allies) RANDOMNUMBER: u should get urself pala it will increase ur hero score
(30:01 / Allies) RANDOMNUMBER: give it mass items
(30:02 / Allies) DENYMYRIGHTS: aight
(30:03 / Allies) DENYMYRIGHTS: good idea
(30:06 / Allies) DENYMYRIGHTS: items give more socre?
(30:15 / Allies) RANDOMNUMBER: naa but will keep it alive earliy
(30:19 / Allies) RANDOMNUMBER: heros
(30:22 / Allies) RANDOMNUMBER: yea
(30:23 / Allies) RANDOMNUMBER: gj
(30:30 / Allies) RANDOMNUMBER: nice
(30:32 / Allies) RANDOMNUMBER: morts
(30:43 / Allies) RANDOMNUMBER: b
(30:50 / Allies) RANDOMNUMBER: nice job
(31:18 / Allies) RANDOMNUMBER: he has alot at his base
(31:22 / Allies) RANDOMNUMBER: pick off other side
(31:34 / All) RANDOMNUMBER: Gg
(31:37 / Allies) DENYMYRIGHTS: I have a history with orange
(31:38 / Allies) RANDOMNUMBER: gg
(31:42 / All) DogsRap3ThePope: that's what you think
(31:43 / Allies) RANDOMNUMBER: oh lol
(31:53 / Allies) DENYMYRIGHTS: game over we win lawl
(31:58 / Allies) RANDOMNUMBER: he did ok though
(31:58 / Allies) DENYMYRIGHTS: but orange is a prick
(32:12 / Allies) DENYMYRIGHTS: never seen him go anything but chim though
(32:25 / Allies) faast: i said chims dumb fuck
(32:50 / Allies) RANDOMNUMBER: yello is still trying lol
(32:55 / Allies) RANDOMNUMBER: his lvl 8 hero bneeds raped
(33:21 / Allies) RANDOMNUMBER: wow
(33:25 / Allies) RANDOMNUMBER: yea hes still trying
(33:37 / Allies) RANDOMNUMBER: i can recover soon
(33:42 / Allies) faast: yeah he can
(33:46 / Allies) DENYMYRIGHTS: don't get heroes
(33:53 / Allies) DENYMYRIGHTS: you might improve them and get higher score
(33:57 / Allies) DENYMYRIGHTS: my paladin is only level 1
(33:59 / Allies) DENYMYRIGHTS: k, 1 hero
(34:17 / Allies) RANDOMNUMBER: kill all critters at base
(34:42 / Allies) RANDOMNUMBER: this critter
(34:53 / Allies) RANDOMNUMBER: hes using them to teleport
(35:16 / Allies) RANDOMNUMBER: can i build near u pink
(35:18 / Allies) RANDOMNUMBER: to stay safe
(35:31 / Allies) RANDOMNUMBER: np if no
(35:36 / Allies) DENYMYRIGHTS: hmmm
(35:38 / Allies) DENYMYRIGHTS: you may
(35:42 / Allies) RANDOMNUMBER: thx
(35:46 / Allies) DENYMYRIGHTS: np mate
(35:50 / Allies) RANDOMNUMBER: i go kill this critter
(35:52 / Allies) faast: we are fucked
(35:57 / Allies) faast: stupid nigger pink is tk
(36:01 / Allies) DENYMYRIGHTS: lol no
(36:03 / Allies) DENYMYRIGHTS: you are a prick
(36:07 / Allies) DENYMYRIGHTS: you have tked me before
(36:18 / Allies) RANDOMNUMBER: na pink has cloud
(36:20 / Allies) RANDOMNUMBER: lets take a bas
(36:51 / Allies) RANDOMNUMBER: im massing tuaren again =D
(36:55 / Allies) RANDOMNUMBER: wood plz
(37:04 / Allies) RANDOMNUMBER: lets go
(37:11 / Allies) RANDOMNUMBER: or main?
(37:48 / Allies) iamnoobkillme: pink why do you kill orange ?
(37:56 / Allies) RANDOMNUMBER: they have history
(37:56 / Allies) DENYMYRIGHTS: he's an asshole trust me
(37:58 / Allies) faast: because he is a fag
(37:59 / Allies) DENYMYRIGHTS: yeah
(38:06 / Allies) faast: see he admits it
(38:21 / Allies) faast: make the game take longer
(38:31 / Allies) DENYMYRIGHTS: not sure I want you to win tbh
(38:38 / Allies) RANDOMNUMBER: meet me if u want pink
(38:43 / Allies) RANDOMNUMBER: man plz =(
(38:44 / Allies) RANDOMNUMBER: do for me bro
(38:46 / Allies) RANDOMNUMBER: i help
(38:48 / Allies) faast: he just cost us the game
(38:50 / Allies) RANDOMNUMBER: and be nice
(38:54 / Allies) faast: yellow is too strong
(38:55 / Allies) DENYMYRIGHTS: yea
(38:57 / Allies) DENYMYRIGHTS: you are awesome red
(39:02 / Allies) RANDOMNUMBER: i give u my items to
(39:03 / Allies) RANDOMNUMBER: if u want
(39:04 / Allies) DENYMYRIGHTS: but orange is here :(
(39:06 / Allies) RANDOMNUMBER: i got decent ones
(39:13 / Allies) RANDOMNUMBER: u get him better next time
(39:15 / Allies) DENYMYRIGHTS: if purp and red leave
(39:16 / Allies) DENYMYRIGHTS: I give you the win
(39:17 / Allies) RANDOMNUMBER: i got history with yello
(39:27 / Allies) DENYMYRIGHTS: you played him before dude?
(39:34 / Allies) RANDOMNUMBER: he beat me
(39:36 / Allies) RANDOMNUMBER: then talk shit
(39:40 / Allies) RANDOMNUMBER: in 2v4 game =-(
(39:51 / Allies) RANDOMNUMBER: and i say nothen to him
(39:53 / Allies) faast: he has proven to be a little faggot
(39:55 / Allies) RANDOMNUMBER: he just talk to me cause he win
(39:57 / Allies) DENYMYRIGHTS: reallY?
(40:00 / Allies) DENYMYRIGHTS: his account is level 1
(40:01 / Allies) DENYMYRIGHTS: was it an alt?
(40:03 / Allies) RANDOMNUMBER: im killing btw =D
(40:22 / All) DogsRap3ThePope: tp staff
(40:45 / All) DENYMYRIGHTS: Red is a valiant warrior
(40:48 / All) DENYMYRIGHTS: He is a noble ally
(40:52 / All) DENYMYRIGHTS: sadly orange is a coward, and scum
(41:05 / All) faast: LOL
(41:06 / All) DENYMYRIGHTS: He and I go way back yellow so I'm afraid I must give you this win illegitimately
(41:10 / All) faast: kick his ass yellow
(41:26 / All) faast: little fag couldnt win if he tried
(41:30 / All) DogsRap3ThePope: I don't take directions from hacker scum
(41:37 / Allies) RANDOMNUMBER: pink why man
(41:40 / Allies) RANDOMNUMBER: plz lets win
(41:42 / Allies) DENYMYRIGHTS: orange is a hacker
(41:44 / Allies) DENYMYRIGHTS: and a dick
(41:46 / Allies) RANDOMNUMBER: dude come on
(41:50 / Allies) RANDOMNUMBER: plz man
(41:53 / Allies) DENYMYRIGHTS: man you know it's nothing personal
(41:56 / Allies) RANDOMNUMBER: istay this fuckjing long man
(41:57 / Allies) DENYMYRIGHTS: i would give you 100 wins if I could
(41:59 / Allies) RANDOMNUMBER: dude
(42:01 / Allies) RANDOMNUMBER: why u doing this to me man
(42:06 / All) faast: what a giant faggot
(42:07 / Allies) RANDOMNUMBER: why?
(42:10 / Allies) DENYMYRIGHTS: you don't kno worange
(42:14 / Allies) RANDOMNUMBER: i let u kill me heros bro
(42:16 / Allies) RANDOMNUMBER: dude
(42:19 / All) DogsRap3ThePope: stop talking ill of yourself
(42:22 / All) DogsRap3ThePope: self harm isn't cool
(42:25 / Allies) DENYMYRIGHTS: orange is a prick
(42:26 / Allies) RANDOMNUMBER: man why
(42:29 / Allies) DENYMYRIGHTS: biggest prick on bnet
(42:30 / Allies) DENYMYRIGHTS: like
(42:30 / Allies) RANDOMNUMBER: i swear to god
(42:33 / Allies) DENYMYRIGHTS: you don't know this guy man
(42:34 / Allies) RANDOMNUMBER: i will never play this game again
(42:35 / Allies) faast: LOL
(42:36 / Allies) DENYMYRIGHTS: i'm sorry but he has to lose
(42:39 / Allies) faast: suck me pink
(42:41 / Allies) faast: suck me dry
(42:44 / All) DogsRap3ThePope: gotta known when to fold em
(42:47 / Allies) DENYMYRIGHTS: no man don't uninstall
(42:53 / All) DogsRap3ThePope: now your hand is pretty crummy
(42:57 / Allies) DENYMYRIGHTS: it's cuz of pricks like orange that this game is dying
(43:00 / Allies) DENYMYRIGHTS: we need more players like you red
(43:02 / All) DogsRap3ThePope: ALT QQ and maybe you'll be dealt better c ards
(43:06 / Allies) iamnoobkillme: i think pink will lose the game
(43:06 / Allies) RANDOMNUMBER: seriously man why?
(43:08 / Allies) faast: yup, keep tk'ing
(43:11 / Allies) iamnoobkillme: he is noob
(43:11 / Allies) DENYMYRIGHTS: orange, leave and you get a tie
(43:14 / Allies) DENYMYRIGHTS: stay and you get a loss
(43:15 / Allies) RANDOMNUMBER: this is my escape bro
(43:16 / Allies) faast: that will make ppl play
(43:18 / Allies) RANDOMNUMBER: i work 10 hours a day
(43:22 / Allies) RANDOMNUMBER: my mom dieing of cancer
(43:27 / Allies) faast: oh im staying
(43:27 / Allies) RANDOMNUMBER: i only want to enjoy some part of
(43:29 / Allies) faast: till the end
(43:30 / Allies) RANDOMNUMBER: my fucking life
(43:31 / Allies) DENYMYRIGHTS: wow really?
(43:34 / Allies) RANDOMNUMBER: with out some mother gfucking asshole
(43:37 / Allies) DENYMYRIGHTS: im sorry
(43:39 / Allies) RANDOMNUMBER: take it away from me
(43:44 / Allies) RANDOMNUMBER: why u take this away from me
(43:49 / Allies) RANDOMNUMBER: i nothing to u man
(43:51 / Allies) RANDOMNUMBER: why>?
(43:54 / Allies) faast: we were going to win, till the fag didnt get enough dick in his ass
(43:54 / Allies) RANDOMNUMBER: i have shit life
(43:56 / Allies) DENYMYRIGHTS: it's orange's fault
(43:57 / Allies) DENYMYRIGHTS: blame him
(43:59 / Allies) RANDOMNUMBER: and can play 1-2 hours a day
(44:00 / Allies) DENYMYRIGHTS: he is who is doing this
(44:02 / Allies) DENYMYRIGHTS: if orange leaves
(44:02 / Allies) RANDOMNUMBER: and i have nothing man
(44:05 / Allies) DENYMYRIGHTS: you will win
(44:05 / Allies) faast: i was playing just fine
(44:10 / Allies) RANDOMNUMBER: my family is all dead and dieing
(44:14 / Allies) RANDOMNUMBER: why u do this to me?
(44:18 / Allies) RANDOMNUMBER: do u belive in nothing?
(44:28 / Allies) RANDOMNUMBER: serious;ly?
(44:32 / Allies) RANDOMNUMBER: just tell me why man
(44:32 / Allies) DENYMYRIGHTS: I believe that the scum of the earth
(44:34 / Allies) DENYMYRIGHTS: such as pink
(44:36 / Allies) DENYMYRIGHTS: deserve to lose
(44:38 / Allies) RANDOMNUMBER: no
(44:39 / Allies) DENYMYRIGHTS: you get the win
(44:40 / Allies) RANDOMNUMBER: LOOK
(44:41 / Allies) DENYMYRIGHTS: sound fair?
(44:45 / Allies) RANDOMNUMBER: UR FUCKIGN DOING IT
(44:47 / Allies) faast: you said pink
(44:49 / Allies) DENYMYRIGHTS: you are on his team
(44:50 / Allies) RANDOMNUMBER: U PEECE OF SHIT SHIT MAN
(44:54 / Allies) DENYMYRIGHTS: orange leaves and you win
(44:57 / Allies) RANDOMNUMBER: WTF IS UR PROBLEM
(44:57 / Allies) DENYMYRIGHTS: sound fair?
(45:01 / Allies) RANDOMNUMBER: im done with this fuckign game
(45:05 / Allies) RANDOMNUMBER: and autistic bottom feeders
(45:07 / Allies) RANDOMNUMBER: like urself
(45:08 / Allies) iamnoobkillme: i just like to watch you die
(45:09 / Allies) DENYMYRIGHTS: your loss is on orange's
(45:11 / Allies) DENYMYRIGHTS: wtf
(45:11 / Allies) DENYMYRIGHTS: red
(45:13 / Allies) RANDOMNUMBER: this is what u do with ur spare time
(45:15 / Allies) DENYMYRIGHTS: autistic bottom feeders?
(45:16 / Allies) RANDOMNUMBER: look at urself
(45:16 / Allies) DENYMYRIGHTS: dude
(45:18 / Allies) faast: nope, i played fair
(45:22 / Allies) RANDOMNUMBER: look at what ur doing
(45:22 / Allies) faast: said nothing to anyone
(45:27 / Allies) DENYMYRIGHTS: red, you and me worked hard together all game
(45:29 / Allies) RANDOMNUMBER: ur fucking a bottom feeder
(45:32 / Allies) DENYMYRIGHTS: we fought valiantly against the enemy team
(45:33 / Allies) RANDOMNUMBER: u give them win
(45:38 / Allies) RANDOMNUMBER: i stay in this shit hole
(45:40 / Allies) RANDOMNUMBER: for 45 mins
(45:41 / Allies) RANDOMNUMBER: for win
(45:45 / Allies) RANDOMNUMBER: andf u fucking give it to them
(45:46 / Allies) RANDOMNUMBER: why
(45:51 / Allies) DENYMYRIGHTS: dude
(45:52 / Allies) RANDOMNUMBER: becausde ur fuckign autistic bottom feeder
(45:54 / Allies) DENYMYRIGHTS: it's not too late to win
(45:56 / Allies) RANDOMNUMBER: who only gives a fuck
(45:56 / Allies) DENYMYRIGHTS: if orange leaves
(45:59 / Allies) DENYMYRIGHTS: i will kill yellow myself
(45:59 / Allies) RANDOMNUMBER: abouthimself
(46:02 / Allies) RANDOMNUMBER: its over
(46:05 / Allies) iamnoobkillme: pink now you can kill yourself now
(46:06 / Allies) DENYMYRIGHTS: no man i am being altruistic
(46:08 / Allies) RANDOMNUMBER: are u fucking retarded
(46:11 / Allies) RANDOMNUMBER: yea u are
(46:11 / Allies) DENYMYRIGHTS: i am making orange lose
(46:15 / Allies) RANDOMNUMBER: ur fucking child
(46:16 / Allies) DENYMYRIGHTS: that's a service to battlenet
(46:17 / Allies) iamnoobkillme: yellow is coming and you are not even match
(46:17 / Allies) RANDOMNUMBER: whats ur facebook
(46:21 / Allies) RANDOMNUMBER: proove to me ur not
(46:23 / Allies) faast: i dont care if I lose
(46:34 / Allies) faast: so go ahead and kill all your units, fucktard
(46:36 / Allies) RANDOMNUMBER: thats what i fucking thought man
(46:37 / Allies) DENYMYRIGHTS: well red does
(46:38 / Allies) iamnoobkillme: i dont care too
(46:40 / Allies) DENYMYRIGHTS: can't you leave for him?
(46:42 / Allies) RANDOMNUMBER: ur seriously pathetic
(46:43 / Allies) DENYMYRIGHTS: he works 10 hrs a day
(46:46 / Allies) DENYMYRIGHTS: and his family is all dead
(46:48 / Allies) DENYMYRIGHTS: his mom dying
(46:51 / Allies) RANDOMNUMBER: na dotn worrry about
(46:52 / Allies) DENYMYRIGHTS: and you are making him lose, orange
(46:55 / Allies) RANDOMNUMBER: im done with this fucking game
(47:00 / Allies) iamnoobkillme: next time i see him tk first
(47:00 / Allies) RANDOMNUMBER: ill go play game ranger
(47:02 / Allies) RANDOMNUMBER: or RCG
(47:05 / Allies) RANDOMNUMBER: ppl like u
(47:07 / Allies) iamnoobkillme: no big deal
(47:12 / Allies) RANDOMNUMBER: naaa
(47:18 / Allies) RANDOMNUMBER: theres 1 liek him
(47:20 / Allies) DENYMYRIGHTS: red we worked together all game
(47:24 / Allies) RANDOMNUMBER: whos so pathetic
(47:29 / Allies) RANDOMNUMBER: it comes down to pitty shit
(47:32 / Allies) RANDOMNUMBER: best part is
(47:35 / Allies) DENYMYRIGHTS: wow red
(47:38 / Allies) DENYMYRIGHTS: you are being a dick
(47:41 / Allies) RANDOMNUMBER: his main account is prolly on other team
(47:43 / Allies) RANDOMNUMBER: kid stfu
(47:49 / Allies) RANDOMNUMBER: ur a pathetic bottom feeder
(47:53 / Allies) RANDOMNUMBER: this is how u spend ur time
(47:58 / Allies) DENYMYRIGHTS: yeah and look at how you're treating others dude
(47:59 / Allies) RANDOMNUMBER: and ur fuckign skull is so thick
(48:01 / Allies) DENYMYRIGHTS: look how you're talking man
(48:09 / Allies) DENYMYRIGHTS: do you talk to your dying mother like that?
(48:10 / Allies) RANDOMNUMBER: u will never understand what ur doin is so wrong
(48:17 / Allies) RANDOMNUMBER: ignorant asshole
(48:18 / Allies) DENYMYRIGHTS: imagine if your dying mom
(48:21 / Allies) DENYMYRIGHTS: saw how u talk to strangers
(48:22 / Allies) DENYMYRIGHTS: dude
(48:24 / Allies) RANDOMNUMBER: will die in 1st wave
(48:28 / Allies) DENYMYRIGHTS: 1st wave?
(48:31 / Allies) RANDOMNUMBER: that or ur skull wil b crushed
(48:37 / Allies) RANDOMNUMBER: by sum1 much bigger then u
(48:48 / Allies) DENYMYRIGHTS: dude i just want the prick known as faast to lose he and i go way back years he is a hacker, he is scum, he is a liar, a clown
(48:51 / Allies) DENYMYRIGHTS: a coward, a faggot
(48:52 / Allies) RANDOMNUMBER: and think of all the times u fagged out on the intenewr
(48:54 / Allies) DENYMYRIGHTS: a racist, and homophobe
(49:00 / Allies) DENYMYRIGHTS: and a nigger
(49:00 / Allies) RANDOMNUMBER: i stopped what u reading 10 mins
(49:01 / Allies) RANDOMNUMBER: ago
(49:03 / Allies) RANDOMNUMBER: u stupid faggot
(49:06 / Allies) DENYMYRIGHTS: dude red
(49:09 / Allies) DENYMYRIGHTS: look at how u are talking
(49:12 / Allies) DENYMYRIGHTS: how would ur mother feel?
(49:13 / Allies) DENYMYRIGHTS: ur dying mother
(49:16 / Allies) RANDOMNUMBER: bottom feeding faggot
(49:17 / Allies) DENYMYRIGHTS: u are being so rude to a stranger
(49:19 / Allies) RANDOMNUMBER: i must of pissed u off
(49:26 / Allies) RANDOMNUMBER: u going add me to ks list to rofl
(49:30 / Allies) RANDOMNUMBER: stupid faggot
(49:34 / Allies) RANDOMNUMBER: in 20 mins
(49:35 / Allies) DENYMYRIGHTS: no man I feel sorry for you
(49:36 / Allies) RANDOMNUMBER: im take bong rips
(49:42 / Allies) RANDOMNUMBER: while my gf sucks my dick
(49:44 / Allies) RANDOMNUMBER: mean while
(49:46 / Allies) DENYMYRIGHTS: wait what
(49:46 / Allies) RANDOMNUMBER: u will be here
(49:48 / Allies) RANDOMNUMBER: doing this
(49:49 / Allies) DENYMYRIGHTS: i thought you had nothing
(49:50 / Allies) RANDOMNUMBER: over and over
(49:52 / Allies) RANDOMNUMBER: enjoy ur life
(49:55 / Allies) DENYMYRIGHTS: you said you had nothing in your life
(49:56 / Allies) RANDOMNUMBER: bottom feeding scum bag
(50:15 / Allies) DENYMYRIGHTS: wow I guess red was a fraud artist trying to make me sympathise with him
(50:22 / All) DENYMYRIGHTS: Orange
(50:24 / All) DENYMYRIGHTS: Any last words?
(50:34 / All) DENYMYRIGHTS: You just made poor purple lose by not leaving
(50:37 / All) DENYMYRIGHTS: and red is gonna uninstall
(50:40 / All) DENYMYRIGHTS: it's all your fault
(50:43 / All) DENYMYRIGHTS: anything to say for yourself?
(50:46 / All) DENYMYRIGHTS: any final words purple?
(50:49 / Allies) iamnoobkillme: fun game
(50:53 / Allies) iamnoobkillme: i like that
(51:01 / Allies) iamnoobkillme: how brilliant
(51:01 / All) DENYMYRIGHTS: Glad you had fun man
(51:10 / All) DENYMYRIGHTS: It was orange who had to lose after all not you
(51:19 / Allies) iamnoobkillme: its fun
(51:22 / All) DENYMYRIGHTS: orange anything to say for yourself? you caused an uninstall
(51:35 / Allies) iamnoobkillme: lol
(51:37 / All) DENYMYRIGHTS: 23-31 now
(51:46 / Allies) iamnoobkillme: you will die like bitch
(51:52 / All) DogsRap3ThePope: orange killed his own dh
(51:54 / All) DogsRap3ThePope: with chims
(52:00 / All) DogsRap3ThePope: when there was no ground units in the proxmity
(52:01 / All) DENYMYRIGHTS: I die on my own terms like red's mother ought to if she has a terminal illness
(52:16 / Allies) iamnoobkillme: you dont
(52:24 / Allies) iamnoobkillme: yellow will kill you
(52:30 / Allies) DENYMYRIGHTS: Nah I kill my last building
(52:42 / All) DENYMYRIGHTS: GOODBYE CRUEL WORLD
(52:42 / Allies) iamnoobkillme: he is far better than you